[ PARTIDA AOE2 · #495761014 ]
UnrankedCeltas vs Spanish
Equipo del jugador · VICT
Equipo rival · DERR
[ ANÁLISIS DE REPETICIÓN · EXTRAÍDO DE LA PARTIDA GRABADA ]
Feudal
10:17
Castillos
22:21
Imperial
—
| APM promedio | 96.4 |
| APM pico | 287 |
| eAPM promedio | 49.5 |
| Aldeanos / militares | 82 / 51 |
Foco
⚔️ 69.3% · 🌾 30.7%
Skirmisher ×25 · Cavalry Archer ×13 · Militia ×5 · Knight ×3 · Scout Cavalry ×3 · Monk ×1
Feudal
8:51
Castillos
21:33
Imperial
—
| APM promedio | 71.5 |
| APM pico | 113 |
| eAPM promedio | 28.8 |
| Aldeanos / militares | 61 / 36 |
Foco
⚔️ 28.7% · 🌾 71.3%
Skirmisher ×17 · Knight ×7 · Missionary ×4 · Archer ×3 · Scout Cavalry ×3 · Monk ×1
Mapa de la partida
Recursos iniciales + cada clic de construcción. Líneas = muros · curvas = relieve. ◆ oro · ⬟ piedra · ● bayas · ✦ reliquia · ◌ hueco del cierre
Tu base· ✓ Cerrada en 22:21 · 18t muro · 2 puerta(s)
Base de Z4ID· Abierta — flanco sin cerrar
Terreno inicial suavizado · ◌ = hueco del cierre detectado · pasá el cursor para detalles
Inputs por minuto
— AiM | Whocl - - Z4ID
Build order — AiM | Whocl
Primeras 150 de 230 acciones detectadas
| 0:01 | Encolar | Villager (Male) |
| 0:02 | Construir | House |
| 0:03 | Construir | House |
| 0:14 | Encolar | Villager (Male) ×3 |
| 1:29 | Encolar | Villager (Male) |
| 1:30 | Encolar | Villager (Male) |
| 2:00 | Construir | Lumber Camp |
| 2:01 | Encolar | Villager (Male) |
| 2:17 | Encolar | Villager (Male) |
| 2:17 | Encolar | Villager (Male) |
| 2:49 | Encolar | Villager (Male) |
| 3:12 | Encolar | Villager (Male) |
| 3:30 | Encolar | Villager (Male) |
| 3:58 | Encolar | Villager (Male) |
| 4:02 | Construir | House |
| 4:30 | Construir | Barracks |
| 4:33 | Encolar | Villager (Male) |
| 4:33 | Encolar | Villager (Male) |
| 4:57 | Encolar | Villager (Male) |
| 5:14 | Construir | House |
| 5:20 | Construir | House |
| 5:21 | Encolar | Villager (Male) |
| 5:29 | Encolar | Villager (Male) |
| 5:30 | Encolar | Militia |
| 6:03 | Encolar | Militia |
| 6:05 | Encolar | Villager (Male) |
| 6:05 | Encolar | Villager (Male) |
| 6:21 | Construir | Mill |
| 6:34 | Encolar | Villager (Male) |
| 6:52 | Construir | Mill |
| 6:53 | Encolar | Villager (Male) |
| 7:09 | Investigar | Loom |
| 7:36 | Construir | Palisade Gate |
| 8:07 | Investigar | Feudal Age |
| 8:07 | Investigar | Feudal Age |
| 8:41 | Construir | Mining Camp |
| 8:59 | Construir | Farm |
| 9:21 | Encolar | Militia |
| 9:21 | Encolar | Militia |
| 9:22 | Construir | House |
| 9:25 | Construir | Palisade Wall |
| 9:32 | Construir | Farm |
| 9:52 | Encolar | Militia |
| 10:15 | Construir | Palisade Wall |
| 10:17 | Edad | Edad Feudal |
| 10:20 | Encolar | Villager (Male) |
| 10:23 | Investigar | Man-at-Arms (upgrade) |
| 10:31 | Construir | Archery Range |
| 10:45 | Encolar | Villager (Male) |
| 10:46 | Investigar | Double-Bit Axe |
| 10:58 | Construir | Farm |
| 11:02 | Encolar | Villager (Male) |
| 11:03 | Construir | House |
| 11:28 | Encolar | Skirmisher |
| 11:40 | Construir | House |
| 11:43 | Construir | Farm |
| 11:46 | Encolar | Villager (Male) |
| 11:49 | Encolar | Villager (Male) |
| 11:50 | Encolar | Villager (Male) |
| 11:51 | Construir | Farm |
| 11:58 | Construir | Palisade Gate |
| 12:07 | Encolar | Skirmisher |
| 12:17 | Construir | Farm |
| 12:24 | Encolar | Skirmisher |
| 12:31 | Encolar | Villager (Male) |
| 12:33 | Construir | Farm |
| 12:46 | Construir | House |
| 12:49 | Encolar | Skirmisher |
| 12:51 | Construir | House |
| 12:51 | Construir | House |
| 12:55 | Encolar | Villager (Male) |
| 13:23 | Encolar | Villager (Male) |
| 13:24 | Encolar | Skirmisher |
| 13:34 | Encolar | Villager (Male) |
| 13:43 | Encolar | Villager (Male) |
| 14:01 | Construir | Farm |
| 14:02 | Construir | Farm |
| 14:05 | Encolar | Skirmisher |
| 14:09 | Construir | Blacksmith |
| 14:12 | Construir | House |
| 14:19 | Construir | Farm |
| 14:25 | Encolar | Villager (Male) |
| 14:41 | Encolar | Skirmisher |
| 14:55 | Encolar | Villager (Male) |
| 15:02 | Encolar | Villager (Male) |
| 15:15 | Encolar | Villager (Male) |
| 15:22 | Encolar | Villager (Male) |
| 15:24 | Construir | Farm |
| 15:24 | Construir | Farm |
| 15:24 | Construir | Farm |
| 15:25 | Construir | Farm |
| 15:38 | Encolar | Skirmisher |
| 15:42 | Construir | Farm |
| 15:42 | Encolar | Villager (Male) |
| 15:44 | Construir | Lumber Camp |
| 15:49 | Construir | House |
| 15:49 | Construir | House |
| 15:50 | Construir | House |
| 16:07 | Encolar | Villager (Male) |
| 16:18 | Encolar | Skirmisher |
| 16:24 | Encolar | Villager (Male) |
| 16:39 | Encolar | Skirmisher |
| 16:46 | Encolar | Villager (Male) |
| 16:51 | Construir | Farm |
| 16:53 | Investigar | Horse Collar |
| 16:55 | Construir | House |
| 16:55 | Construir | House |
| 17:07 | Encolar | Villager (Male) |
| 17:10 | Construir | Stable |
| 17:13 | Construir | House |
| 17:17 | Encolar | Skirmisher |
| 17:21 | Encolar | Villager (Male) |
| 17:44 | Encolar | Villager (Male) |
| 18:03 | Encolar | Villager (Male) |
| 18:21 | Encolar | Villager (Male) |
| 18:29 | Encolar | Skirmisher |
| 18:49 | Construir | Market |
| 18:50 | Construir | House |
| 18:54 | Construir | Farm |
| 18:54 | Construir | Farm |
| 18:55 | Construir | Farm |
| 18:58 | Construir | Farm |
| 19:05 | Encolar | Villager (Male) |
| 19:26 | Construir | Farm |
| 19:36 | Construir | Lumber Camp |
| 19:41 | Investigar | Castle Age |
| 19:41 | Investigar | Castle Age |
| 20:00 | Investigar | Fletching |
| 20:11 | Encolar | Scout Cavalry |
| 20:16 | Construir | Farm |
| 20:17 | Construir | Farm |
| 20:21 | Construir | Farm |
| 20:26 | Encolar | Skirmisher |
| 20:27 | Encolar | Skirmisher |
| 20:42 | Encolar | Spearman |
| 20:45 | Encolar | Scout Cavalry |
| 20:54 | Encolar | Scout Cavalry |
| 21:01 | Encolar | Skirmisher |
| 21:29 | Encolar | Skirmisher |
| 21:32 | Construir | Archery Range |
| 21:45 | Investigar | Forging |
| 21:52 | Encolar | Skirmisher |
| 22:00 | Construir | House |
| 22:01 | Construir | House |
| 22:02 | Construir | House |
| 22:02 | Construir | House |
| 22:14 | Encolar | Skirmisher |
| 22:14 | Encolar | Skirmisher |
| 22:21 | Edad | Edad de los Castillos |
| 22:24 | Investigar | Light Cavalry (upgrade) |
Build order — Z4ID
Primeras 150 de 200 acciones detectadas
| 0:01 | Encolar | Villager (Male) |
| 0:01 | Encolar | Villager (Male) |
| 0:02 | Construir | House |
| 0:04 | Construir | House |
| 0:06 | Encolar | Villager (Male) |
| 0:09 | Encolar | Villager (Male) |
| 1:25 | Encolar | Villager (Male) |
| 1:51 | Encolar | Villager (Male) |
| 2:00 | Construir | Mill |
| 2:12 | Encolar | Villager (Male) |
| 2:50 | Encolar | Villager (Male) |
| 3:11 | Encolar | Villager (Male) |
| 3:37 | Encolar | Villager (Male) |
| 3:41 | Encolar | Villager (Male) |
| 4:06 | Construir | House |
| 4:07 | Encolar | Villager (Male) |
| 4:52 | Encolar | Villager (Male) |
| 4:57 | Encolar | Villager (Male) |
| 5:35 | Encolar | Villager (Male) |
| 5:51 | Construir | Lumber Camp |
| 6:01 | Investigar | Loom |
| 6:34 | Investigar | Feudal Age |
| 6:34 | Investigar | Feudal Age |
| 6:35 | Investigar | Feudal Age |
| 7:18 | Encolar | Villager (Male) |
| 7:43 | Construir | Barracks |
| 8:08 | Construir | Palisade Wall |
| 8:09 | Construir | Palisade Wall |
| 8:11 | Construir | Palisade Wall |
| 8:31 | Construir | Palisade Wall |
| 8:33 | Construir | Palisade Wall |
| 8:38 | Construir | House |
| 8:51 | Edad | Edad Feudal |
| 8:54 | Encolar | Villager (Male) |
| 8:55 | Encolar | Spearman |
| 9:00 | Construir | Archery Range |
| 9:01 | Encolar | Villager (Male) |
| 9:06 | Encolar | Villager (Male) |
| 9:10 | Investigar | Double-Bit Axe |
| 9:39 | Encolar | Villager (Male) |
| 9:44 | Construir | Mill |
| 9:48 | Encolar | Archer |
| 9:53 | Encolar | Villager (Male) |
| 9:58 | Construir | Mill |
| 10:02 | Encolar | Archer |
| 10:03 | Encolar | Villager (Male) |
| 10:06 | Construir | House |
| 10:20 | Encolar | Villager (Male) |
| 10:23 | Construir | Farm |
| 10:35 | Construir | House |
| 10:47 | Construir | Farm |
| 10:56 | Encolar | Skirmisher |
| 11:02 | Construir | Palisade Wall |
| 11:09 | Construir | Farm |
| 11:21 | Encolar | Skirmisher |
| 11:25 | Encolar | Villager (Male) |
| 11:29 | Construir | House |
| 11:33 | Construir | House |
| 11:38 | Construir | Palisade Wall |
| 11:46 | Construir | Palisade Wall |
| 11:47 | Construir | Palisade Wall |
| 11:49 | Construir | Palisade Wall |
| 11:53 | Construir | Farm |
| 12:10 | Construir | Farm |
| 12:13 | Construir | House |
| 12:15 | Encolar | Villager (Male) |
| 12:23 | Construir | Palisade Wall |
| 12:27 | Encolar | Skirmisher |
| 12:32 | Construir | Farm |
| 12:35 | Encolar | Villager (Male) |
| 12:43 | Construir | Blacksmith |
| 12:48 | Construir | Palisade Wall |
| 12:56 | Encolar | Skirmisher |
| 13:01 | Encolar | Villager (Male) |
| 13:37 | Encolar | Skirmisher |
| 13:39 | Encolar | Villager (Male) |
| 13:41 | Construir | Farm |
| 13:42 | Encolar | Villager (Male) |
| 14:06 | Encolar | Villager (Male) |
| 14:08 | Construir | Mining Camp |
| 14:12 | Construir | Farm |
| 14:13 | Construir | Farm |
| 14:15 | Construir | House |
| 14:20 | Construir | Farm |
| 14:21 | Encolar | Villager (Male) |
| 14:27 | Encolar | Skirmisher |
| 14:32 | Construir | Farm |
| 14:44 | Investigar | Fletching |
| 14:49 | Encolar | Skirmisher |
| 15:16 | Encolar | Skirmisher |
| 15:19 | Encolar | Villager (Male) |
| 15:33 | Construir | Farm |
| 15:33 | Encolar | Villager (Male) |
| 15:36 | Encolar | Skirmisher |
| 15:41 | Encolar | Villager (Male) |
| 15:47 | Encolar | Skirmisher |
| 15:54 | Construir | House |
| 16:17 | Encolar | Villager (Male) |
| 16:18 | Encolar | Archer |
| 16:46 | Encolar | Skirmisher |
| 16:49 | Encolar | Villager (Male) |
| 16:58 | Construir | Market |
| 17:13 | Encolar | Villager (Male) |
| 17:23 | Encolar | Skirmisher |
| 17:43 | Construir | House |
| 17:57 | Encolar | Skirmisher |
| 18:03 | Encolar | Villager (Male) |
| 18:47 | Encolar | Skirmisher |
| 18:53 | Investigar | Castle Age |
| 18:53 | Investigar | Castle Age |
| 18:53 | Investigar | Castle Age |
| 18:57 | Encolar | Skirmisher |
| 18:59 | Construir | Stable |
| 19:13 | Construir | House |
| 19:16 | Encolar | Skirmisher |
| 19:19 | Construir | House |
| 19:41 | Encolar | Skirmisher |
| 19:51 | Encolar | Scout Cavalry |
| 19:58 | Construir | Lumber Camp |
| 20:07 | Investigar | Horse Collar |
| 20:14 | Construir | Farm |
| 20:21 | Construir | Palisade Wall |
| 20:26 | Encolar | Scout Cavalry |
| 20:37 | Construir | Farm |
| 21:09 | Construir | Farm |
| 21:11 | Construir | Farm |
| 21:29 | Encolar | Villager (Male) |
| 21:33 | Edad | Edad de los Castillos |
| 21:36 | Encolar | Villager (Male) |
| 21:40 | Construir | Town Center |
| 21:48 | Construir | Monastery |
| 21:57 | Construir | House |
| 22:00 | Construir | Palisade Wall |
| 22:04 | Encolar | Villager (Male) |
| 22:05 | Construir | Farm |
| 22:06 | Construir | Farm |
| 22:13 | Construir | House |
| 22:16 | Construir | Lumber Camp |
| 22:24 | Encolar | Knight |
| 22:26 | Encolar | Villager (Male) |
| 22:32 | Encolar | Missionary |
| 22:36 | Encolar | Villager (Male) |
| 22:42 | Construir | Farm |
| 22:55 | Construir | Farm |
| 22:56 | Encolar | Villager (Male) |
| 23:10 | Construir | Farm |
| 23:11 | Encolar | Villager (Male) |
| 23:15 | Encolar | Scout Cavalry |
| 23:18 | Encolar | Knight |
| 23:24 | Construir | Farm |
Cronología de la partida
| 4:30 | AiM | Whocl · first_building Barracks |
| 7:43 | Z4ID · first_building Barracks |
| 8:08 | Z4ID · wall_segment Palisade Wall x1 |
| 8:09 | Z4ID · wall_segment Palisade Wall x1 |
| 8:11 | Z4ID · wall_segment Palisade Wall x1 |
| 8:31 | Z4ID · wall_segment Palisade Wall x1 |
| 8:33 | Z4ID · wall_segment Palisade Wall x1 |
| 8:51 | Z4ID · age_up feudal |
| 9:00 | Z4ID · first_building Archery Range |
| 9:25 | AiM | Whocl · wall_segment Palisade Wall x8 |
| 10:15 | AiM | Whocl · wall_segment Palisade Wall x10 |
| 10:17 | AiM | Whocl · age_up feudal |
| 10:31 | AiM | Whocl · first_building Archery Range |
| 11:02 | Z4ID · wall_segment Palisade Wall x3 |
| 11:38 | Z4ID · wall_segment Palisade Wall x1 |
| 11:46 | Z4ID · wall_segment Palisade Wall x1 |
| 11:47 | Z4ID · wall_segment Palisade Wall x1 |
| 11:49 | Z4ID · wall_segment Palisade Wall x1 |
| 12:23 | Z4ID · wall_segment Palisade Wall x1 |
| 12:48 | Z4ID · wall_segment Palisade Wall x2 |
| 17:10 | AiM | Whocl · first_building Stable |
| 18:04 | Z4ID · first_market_buy 100 food |
| 18:38 | Z4ID · first_market_sell 100 wood |
| 18:59 | Z4ID · first_building Stable |
| 20:21 | Z4ID · wall_segment Palisade Wall x1 |
| 21:33 | Z4ID · age_up castle |
| 21:48 | Z4ID · first_building Monastery |
| 22:00 | Z4ID · wall_segment Palisade Wall x3 |
| 22:21 | AiM | Whocl · age_up castle |
| 22:27 | AiM | Whocl · first_building Monastery |
| 22:41 | AiM | Whocl · first_market_buy 100 food |
| 27:53 | Z4ID · resign |
[ ANÁLISIS IA · 1 CRÉDITO ]
¿Qué pasó realmente en esta partida?
Wolo.gg analiza cada decisión: build order, eco, micro, errores típicos por bracket. Análisis personalizado por WhatsApp o Discord en 30 segundos.
Guía civ
Celtas
Perfil
Jugador #2309468